 Dungeon Crawl Stone Soup version 0.31.0-32-g396128a36d (webtiles) character file.

Game seed: 8646455720863502382

20 cdecastro the Cudgeller (level 2, -2/24 HPs)
             Began as a Human Cinder Acolyte on Mar 14, 2024.
             Was a High Priest of Ignis.
             Slain by a gnoll
             ... wielding a +0 spear
              (9 damage)
             ... on level 2 of the Dungeon.
             The game lasted 00:01:14 (837 turns).

cdecastro the Cudgeller (Human Cinder Acolyte)       Turns: 837, Time: 00:01:14

Health: -2/24      AC:  2    Str: 14    XL:     2   Next: 79%
Magic:  3/3        EV: 11    Int: 14    God:    Ignis [*****.]
Gold:   58         SH:  0    Dex:  8    Spells: 1/3 levels left

rFire   + . .        a - -1 mace (flame)
rCold   . . .        (no shield)
rNeg    . . .        b - +0 robe
rPois   .            (no helmet)
rElec   .            (no cloak)
rCorr   .            (no gloves)
SInv    .            (no boots)
Will    .....        (no amulet)
Stlth   +            (no ring)
HPRegen 0.24/turn    (no ring)
MPRegen 0.08/turn

%: no passive effects
@: no status effects
A: explore regen
a: Renounce Religion, Fiery Armour, Foxfire Swarm, Rising Flame


You were on level 2 of the Dungeon.
You worshipped Ignis.
Ignis was extremely pleased with you.
You visited 1 branch of the dungeon, and saw 2 of its levels.

You collected 58 gold pieces.

Inventory:

Hand Weapons
 a - a -1 mace of flaming (weapon)
Missiles
 k - 3 poisoned darts (quivered)
Armour
 b - a +0 robe (worn)
Scrolls
 d - a scroll of summoning {unknown}
 f - a scroll of revelation {unknown}
 h - a scroll of brand weapon {unknown}
Potions
 c - 2 potions of degeneration {unknown}
 e - a potion of curing {unknown}
 g - a potion of lignification {unknown}
 i - a potion of mutation {unknown}
 j - a potion of might {unknown}


   Skills:
 - Level 3.0 Fighting
 + Level 4.0 Maces & Flails
 - Level 1.0 Spellcasting
 - Level 3.0 Fire Magic


You had one spell level left.
You knew the following spells:

 Your Spells              Type           Power      Damage    Failure   Level
a - Scorch                Fire           18%        2d5       12%         2

Your spell library contained the following spells:

 Spells                   Type           Power      Damage    Failure   Level


Dungeon Overview and Level Annotations

Branches:
Dungeon (2/15)

Altars:


Innate Abilities, Weirdness & Mutations

You regain HP and MP as you explore.


Message History

You completely miss the bat. The bat hits you but does no damage.
Found a stone staircase leading down.
The bat closely misses you. The bat hits you but does no damage.
The bat misses you.
You closely miss the bat. The bat barely misses you.
You barely miss the bat. The bat barely misses you.
No target in view!
No target in view!
No target in view!
The bat closely misses you. The bat misses you.
A bat is nearby!
You barely miss the bat. The bat misses you. The bat barely misses you.
The bat barely misses you.
You hit the bat but do no damage. The bat closely misses you.
You closely miss the bat. The bat hits you but does no damage.
You closely miss the bat. Your punch misses the bat. The bat hits you.
You closely miss the bat. The bat hits you but does no damage.
The bat closely misses you. x2
You barely miss the bat. The bat barely misses you. x2
You hit the bat. You burn the bat.
You kill the bat!
Your Maces & Flails skill increases to level 4!
No target in view!
No target in view!
Found a stone staircase leading down.
j - a fuming brown potion
k - 3 poisoned darts A gnoll comes into view.
It is wielding a +0 spear.
The gnoll moves out of view.
A gnoll is nearby!
A gnoll is nearby!
A gnoll is nearby!
The gnoll hits you with a +0 spear!
You completely miss the gnoll. The gnoll hits you with a +0 spear.
You hit the gnoll but do no damage. The gnoll hits you with a +0 spear.
* * * LOW HITPOINT WARNING * * *
You hit the gnoll. You burn the gnoll.
The gnoll is severely wounded.
The gnoll hits you with a +0 spear!
You die...

...... 8.....##
#.# ......#
####.## 8....#
#...... .#..#
#.#.### #...#
#..## # #...#
######..#
######...#
#.......## #
#.....g..#
#.####...###
######@###
#.#.........
#.#####....>.....#
#.............####
#######.>.....#
#.......#
#########


You could see a gnoll.

Vanquished Creatures
  A dart slug (D:1)
  An endoplasm (D:1)
  2 giant cockroaches (D:1)
  2 goblins (D:1)
  2 hobgoblins (D:1)
  2 jackals (D:1)
  3 kobolds (D:1)
  A ball python (D:1)
  A bat (D:2)
  A frilled lizard (D:1)
16 creatures vanquished.

Notes
Turn   | Place    | Note
-------+----------+-------------------------------------------
     0 | D:1      | cdecastro the Human Cinder Acolyte began the quest for the
                  | Orb.
     0 | D:1      | Reached XP level 1. HP: 18/18 MP: 2/2
   121 | D:1      | Reached XP level 2. HP: 13/24 MP: 3/3
   200 | D:1      | Learned a level 2 spell: Scorch
   787 | D:2      | Reached skill level 4 in Maces & Flails
   837 | D:2      | Slain by a gnoll

Illustrated notes

Levels and vault maps discovered:
D:1:      roderic_chinese_lattice_arrival, layout_rooms, serial_curves,
          eino_curves_03, eino_curves_02, eino_curves_03, eino_curves_03
D:2:      layout_loops_cross, grunt_ministairs_10, uniq_terence, uniq_natasha

Skill      XL: |  1  2 |
---------------+-------+-----
Maces & Flails | 4 |  4.0
Fighting       | |  3.0
Spellcasting   | |  1.0
Fire Magic     | |  3.0

Action                     || total
---------------------------++-------
  Melee: Mace              ||    66
 Armour: Robe              ||    36
  Dodge: Dodged            ||    53
